 Dungeon Crawl Stone Soup version 0.31.0-11-ge490571c62 (webtiles) character file.

Game seed: 11654534898276078471

65 GloriousHammer the Sneak (level 4, -4/35 HPs)
             Began as a Human Delver on Jan 30, 2024.
             Incinerated by a bombardier beetle (6 damage)
             ... with a burning spray
             ... on level 2 of the Dungeon.
             The game lasted 00:05:28 (2084 turns).

GloriousHammer the Sneak (Human Delver)             Turns: 2084, Time: 00:05:29

Health: -4/35      AC:  5    Str: 13    XL:     4   Next: 14%
Magic:  13/13      EV: 11    Int: 10    God:
Gold:   92         SH:  0    Dex: 16    Spells: 2/4 levels left

rFire   . . .        a - +0 falchion
rCold   . . .        (no shield)
rNeg    . . .        j - +0 ring mail
rPois   .            (no helmet)
rElec   .            (no cloak)
rCorr   .            (no gloves)
SInv    .            (no boots)
Will    +....        (no amulet)
Stlth   +            M - ring of magical power
HPRegen 0.25/turn    W - ring of willpower
MPRegen 0.13/turn

%: no passive effects
@: lethally poisoned (-4 -> -4), on fire, glowing
A: explore regen
a: no special abilities


You were on level 2 of the Dungeon.
You visited 1 branch of the dungeon, and saw 5 of its levels.

You collected 92 gold pieces.

Inventory:

Hand Weapons
 a - a +0 falchion (weapon)
 b - a +0 sling
Missiles
 h - 20 stones (quivered)
 i - 12 poisoned darts
 p - 6 boomerangs
Armour
 j - a +0 ring mail (worn)
 x - a +0 leather armour
Jewellery
 M - a ring of magical power (left hand)
 P - a ring of poison resistance
 T - a +4 ring of protection
 W - a ring of willpower (right hand)
Wands
 g - a wand of digging (3)
 o - a wand of light (8)
Scrolls
 c - 2 scrolls of fog
 d - a scroll of revelation
 e - a scroll of fear
 k - 6 scrolls of teleportation {unknown}
 l - 2 scrolls of identify {unknown}
 n - a scroll of enchant weapon {unknown}
 t - a scroll of blinking {unknown}
 w - a scroll of poison {unknown}
Potions
 f - a potion of haste
 m - a potion of magic {unknown}
 q - a potion of ambrosia {unknown}
 r - 2 potions of attraction {unknown}
 s - a potion of invisibility {unknown}
 u - a potion of berserk rage {unknown}
 v - a potion of brilliance {unknown}
 z - 2 potions of enlightenment {unknown}


   Skills:
 - Level 3.0 Fighting
 + Level 3.9 Long Blades
 - Level 2.0 Dodging
 - Level 5.0 Stealth
 + Level 0.5 Spellcasting
 + Level 0.7 Air Magic
 + Level 0.6 Alchemy


You had 2 spell levels left.
You knew the following spells:

 Your Spells              Type           Power      Damage    Failure   Level
a - Mercury Vapours       Alch/Air       2%         N/A       67%         2

Your spell library contained the following spells:

 Spells                   Type           Power      Damage    Failure   Level
 Sting                    Conj/Alch      0%         1d3       56%         1
 Fugue of the Fallen      Necr           0%         N/A       94%         3
 Ozocubu's Armour         Ice            0%         N/A       94%         3
 Olgreb's Toxic Radiance  Alch           1%         N/A       99%         4
 Manifold Assault         Tloc           0%         N/A       100%        4


Dungeon Overview and Level Annotations

Branches:
Dungeon (5/15)
 Temple: D:4-7

Altars:

Shops:
D:5 ([(

Annotations:
D:3 Terence
D:4 Eustachio


Innate Abilities, Weirdness & Mutations

You regain HP and MP as you explore.


Message History

Found 7 gold pieces.
An endoplasm comes into view.
The endoplasm quivers.
You see here a scroll labelled MIP WOXKUAS ODGHONI.
k - 5 scrolls labelled MIP WOXKUAS ODGHONI (gained 1)
You slash the endoplasm!
You kill the endoplasm!
A kobold comes into view. It is wielding a +0 dagger.
You see here 7 gold pieces.
There are no items here.
You now have 77 gold pieces (gained 7).
There are no items here.
Found a scroll labelled MIP WOXKUAS ODGHONI.
The kobold throws a stone.
The stone hits you but does no damage.
A goblin comes into view. It is wielding a +0 dagger.
Found 2 fizzy purple potions and 15 gold pieces.
The kobold barely misses you.
You hit the kobold.
The kobold is severely wounded.
The kobold hits you but does no damage.
You hit the kobold but do no damage.
The kobold is severely wounded.
The kobold barely misses you.
You hit the kobold.
You kill the kobold!
Things that are here:
a +0 dagger; 3 stones The helpless goblin fails to defend itself.
You hit the goblin.
The goblin is severely wounded.
The goblin completely misses you.
You barely miss the goblin.
The goblin is severely wounded.
The goblin hits you but does no damage.
You slash the goblin!
You kill the goblin!
You see here a +0 dagger.
z - 2 fizzy purple potions You see here a +0 dagger.
h - 20 stones (gained 3)
You see here a +0 dagger.
You now have 92 gold pieces (gained 15).
k - 6 scrolls labelled MIP WOXKUAS ODGHONI (gained 1)
You see here a +0 dagger.
You see here a +0 morningstar.
An adder is nearby!
An adder is nearby!
An adder is nearby!
The adder hisses angrily.
Unknown command.
The adder bites you.
You closely miss the adder. The adder bites you.
You are poisoned.
The adder poisons you!
You hit the adder.
The adder is lightly wounded.
You feel sick. The adder bites you.
You are more poisoned.
The adder poisons you!
You slash the adder!
The adder is almost dead.
You feel very sick. The adder barely misses you. x2
You miss the adder.
The adder is almost dead.
You feel sick. The adder bites you but does no damage.
Unknown command.
You hit the adder.
You kill the adder!
You feel sick.
The bombardier beetle sprays incendiary fluid at you.
The burning spray hits you.
You are covered in liquid fire!
You have reached level 4!
You feel stronger.
You shake off some of the fire as you move.
The liquid fire burns you!
You feel sick.
You closely miss the bombardier beetle. The liquid fire burns you!
You feel sick.
The bombardier beetle sprays incendiary fluid at you.
The burning spray hits you.
You are even more covered in liquid fire!
You slash the bombardier beetle!
The bombardier beetle is heavily wounded.
The liquid fire burns you!
* * * LOW HITPOINT WARNING * * *
You feel sick.
You slash the bombardier beetle!
The bombardier beetle is almost dead.
The liquid fire burns you!
* * * LOW HITPOINT WARNING * * *
You feel sick.
The bombardier beetle sprays incendiary fluid at you.
The burning spray hits you.
You are even more covered in liquid fire!
You shake off some of the fire as you move.
The liquid fire burns you!
You die...

#.#...##.......# #
#.#...##.......#######
#
#g#B...'.............#
#
#.#.#.##.............#
# #B#.#.#
............# #
#.#)#.# #......B...# #
#<#.# #B#.......# #
### #.#.......# #
#@#.......# #
#.#.......# #
#.####...## # ##.##
###.# # #...# #.# #
#.).# #.#### # ##...##
#....### # #.....#
####...# # ##.#.#.##
###.# #


You could see a bombardier beetle.

Vanquished Creatures
  2 adders (D:2)
  A dart slug (D:2)
  A ribbon worm (D:2)
  An orc (D:4)
  6 endoplasms
  2 giant cockroaches (D:1)
  3 goblins
  4 hobgoblins
  2 jackals (D:2)
  2 kobolds (D:2)
  5 ball pythons
  5 bats
  3 frilled lizards
  2 rats (D:2)
39 creatures vanquished.

Notes
Turn   | Place    | Note
-------+----------+-------------------------------------------
     0 | D:5      | GloriousHammer the Human Delver began the quest for the
                  | Orb.
     0 | D:5      | Reached XP level 1. HP: 18/18 MP: 1/1
     0 | D:5      | Found Isuajuf's Antique Weapon Shoppe.
    45 | D:5      | Found Foaro's Antique Weapon Shoppe.
    45 | D:5      | Noticed an orc priest
   300 | D:4      | Noticed a jelly
   318 | D:4      | Noticed a bombardier beetle
   379 | D:4      | Noticed Eustachio
   485 | D:3      | Noticed Terence
   510 | D:2      | Reached XP level 2. HP: 23/24 MP: 2/2
   789 | D:2      | Noticed a bombardier beetle
   947 | D:1      | Reached XP level 3. HP: 29/29 MP: 3/3
  1674 | D:1      | Learned a level 2 spell: Mercury Vapours
  2080 | D:2      | Reached XP level 4. HP: 20/35 MP: 4/4
  2084 | D:2      | Incinerated by a bombardier beetle

Illustrated notes

Levels and vault maps discovered:
D:1:      dpeg_arrival_more_subterranean_lakeside_camping, layout_loops_cross
D:2:      minmay_general_purpose_star, layout_basic, basic_altar
D:3:      layout_basic, trog_hazing_becter, uniq_terence
D:4:      layout_basic, nemelex_altar_shiori, uniq_menkaure, uniq_eustachio
D:5:      layout_loops_ring, minitemple, serial_shops, nicolae_stop_n_shop_2,
          nicolae_shop_trees, shop, shop

Skill      XL: |  1  2 |
---------------+-------+-----
Long Blades    | 3 |  3.9
Fighting       | |  3.0
Dodging        | |  2.0
Stealth        | |  5.0
Spellcasting   | |  0.5
Air Magic      | |  0.7
Alchemy        | |  0.6

Action                     |  1- 3 |  4- 6 || total
---------------------------+-------+-------++-------
  Melee: Falchion          |   128 |     3 ||   131
         Punch             |     2 |       ||     2
    Use: Scroll            |     1 |       ||     1
   Stab: Sleeping          |     8 |       ||     8
 Armour: Ring mail         |   100 |       ||   100
  Dodge: Dodged            |    83 |       ||    83
